 Dungeon Crawl Stone Soup version 0.27-a0-1188-g73eefd5def (webtiles) character file.

Game seed: 12427935249345949491

6221 pkoi the Grappler (level 10, -4/96 HPs)
             Began as a Troll Monk on May 20, 2021.
             Was a Priest of Makhleb.
             Slain by an eight-headed hydra (5 damage)
             ... on level 1 of the Lair of Beasts.
             The game lasted 00:09:39 (7916 turns).

pkoi the Grappler (Troll Monk)                      Turns: 7916, Time: 00:09:40

Health: -4/96      AC:  6    Str: 24    XL:     10   Next: 61%
Magic:  12/12      EV: 11    Int:  6    God:    Makhleb [***...]
Gold:   532        SH:  0    Dex: 12    Spells: 9/9 levels left

rFire    . . .     SeeInvis .     - Unarmed
rCold    . . .     Faith    .   (no shield)
rNeg     . . .     Spirit   .   a - +0 robe
rPois    .         Reflect  .   (helmet restricted)
rElec    .         Harm     .   c - +1 cloak
rCorr    .         Rampage  .   (gloves unavailable)
Will     .....                  (boots unavailable)
Stlth    ++........             n - amulet of the acrobat
HPRegen  1.26/turn              (no ring)
MPRegen  0.13/turn              (no ring)

@: no status effects
A: large, unfitting armour, claws 3, regeneration 1, shaggy fur 1, tough skin 1
a: Renounce Religion, Minor Destruction, Lesser Servant of Makhleb


You were on level 1 of the Lair of Beasts.
You worshipped Makhleb.
Makhleb was most pleased with you.
You visited 3 branches of the dungeon, and saw 11 of its levels.
You also visited: Bailey.

You collected 532 gold pieces.

Inventory:

Missiles
 r - 3 large rocks (quivered)
 z - 3 atropa-tipped darts
 A - a curare-tipped dart
Armour
 a - a +0 robe (worn)
 c - a +1 cloak (worn)
Jewellery
 n - an amulet of the acrobat (around neck)
 o - a ring of flight
 t - a +4 ring of evasion
 v - a +4 ring of protection
Wands
 s - a wand of flame (28)
 w - a wand of iceblast (8)
 x - a wand of mindburst (9)
 B - a wand of acid (5)
Scrolls
 d - a scroll of magic mapping
 f - 3 scrolls of amnesia
 h - 2 scrolls of enchant armour
 i - 2 scrolls of blinking
 k - 2 scrolls of identify
 p - 7 scrolls of teleportation
Potions
 e - 5 potions of curing
 g - a potion of might
 j - 2 potions of invisibility {unknown}
 l - a potion of magic
 m - 4 potions of brilliance {unknown}
 q - 4 potions of lignification {unknown}
 C - a potion of flight


   Skills:
 + Level 5.4 Fighting
 + Level 2.1 Throwing
 + Level 5.4 Dodging
 - Level 1.0 Stealth
 + Level 12.3 Unarmed Combat
 + Level 5.2 Invocations


You had 9 spell levels left.
You didn't know any spells.
Your spell library contained the following spells:

 Spells                   Type           Power      Damage    Failure   Level
 Animate Skeleton         Necr           0%         N/A       45%         1
 Apportation              Tloc           0%         N/A       45%         1
 Corona                   Hex            0%         N/A       45%         1
 Summon Small Mammal      Summ           0%         N/A       45%         1
 Ensorcelled Hibernation  Hex/Ice        0%         N/A       58%         2
 Poisonous Vapours        Pois/Air       0%         N/A       58%         2
 Confusing Touch          Hex            0%         N/A       83%         3
 Conjure Flame            Conj/Fire      0%         6-21      83%         3
 Dazzling Flash           Conj/Hex       0%         N/A       83%         3
 Lesser Beckoning         Tloc           0%         N/A       83%         3
 Mephitic Cloud           Conj/Pois/Air  0%         N/A       83%         3
 Tukima's Dance           Hex            0%         N/A       83%         3
 Alistair's Intoxication  Tmut/Pois      0%         N/A       100%        5
 Freezing Cloud           Conj/Ice/Air   0%         6-21      100%        6
 Invisibility             Hex            0%         N/A       100%        6


Dungeon Overview and Level Annotations

Branches:
Dungeon (9/15)             Temple (1/1) D:6            Lair (1/6) D:9
 Bailey (visited)
    Orc: D:9-12

Altars:
Ashenzari
Cheibriados
Dithmenos
Elyvilon
Fedhas
Gozag
Hepliaklqana
Kikubaaqudgha
Makhleb
Nemelex Xobeh
Okawaru
Qazlal
Ru
Sif Muna
Trog
Uskayaw
Vehumet
Wu Jian
Xom
Yredelemnul
Zin
The Shining One
Beogh


Innate Abilities, Weirdness & Mutations

You are too large for most types of armour.
You have claws for hands.
Your natural rate of healing is unusually fast.
You are covered in fur. (AC +1)
You have tough skin. (AC +1)


Message History

The six-headed hydra is splashed with acid!
The acid corrodes the six-headed hydra!
The six-headed hydra is heavily wounded.
Aiming: Corrosive Bolt
Press: ? - help, Shift-Dir - straight line, f/p - six-headed hydra
Aim: a six-headed hydra (heavily wounded, covered in acid, 90% to hit)
The bolt of acid hits the six-headed hydra!
The six-headed hydra is splashed with acid.
The six-headed hydra seems to be corroded for longer.
The six-headed hydra is almost dead.
The six-headed hydra bites you but does no damage.
The six-headed hydra bites you!
The six-headed hydra closely misses you.
The six-headed hydra misses you. The six-headed hydra bites you.
The six-headed hydra barely misses you.
Unknown command.
You tear one of the six-headed hydra's heads off!
The five-headed hydra grows two more!
You claw the seven-headed hydra! You claw the seven-headed hydra.
The seven-headed hydra is almost dead.
The seven-headed hydra bites you! The seven-headed hydra bites you.
The seven-headed hydra bites you but does no damage. x2
The seven-headed hydra bites you! x3
You claw one of the seven-headed hydra's heads off!
The six-headed hydra grows two more!
You mangle the eight-headed hydra!!
The eight-headed hydra is almost dead.
Unknown command.
Unknown command.
You scratch the eight-headed hydra but do no damage.
The eight-headed hydra is almost dead.
The eight-headed hydra bites you! The eight-headed hydra bites you.
* * * LOW HITPOINT WARNING * * *
The eight-headed hydra bites you!
* * * LOW HITPOINT WARNING * * *
The eight-headed hydra bites you.
* * * LOW HITPOINT WARNING * * *
The eight-headed hydra bites you!
* * * LOW HITPOINT WARNING * * *
The eight-headed hydra bites you.
You die...

..##
.#######+##...#
.............##
..............#
.............#
.............#
#....[.......#
+.....D@.....#
..#..###+.....#
# ...## ..# .#
#


You could see an eight-headed hydra (corroded).

Vanquished Creatures
  A boulder beetle (D:8)
  A centaur warrior (D:7)
  Maurice (D:9)
  A hornet (D:8)
  2 wyverns
  A yak (D:7)
  4 water moccasins
  Duvessa (D:7)
  A black bear (D:6)
  3 orc warriors
  A sky beast (D:6)
  A hornet zombie (D:7)
  3 ice beasts
  An ogre (D:7)
  4 centaurs
  2 phantoms (D:5)
  6 bullfrogs
  2 kobold brigands
  A scorpion (D:4)
  Dowan (D:7)
  9 killer bees
  5 howler monkeys
  3 crimson imps (D:5)
  A centaur zombie (D:8)
  2 jellies
  2 bullfrog skeletons
  6 orc priests
  3 hounds
  5 orc wizards
  A killer bee zombie (D:7)
  A hound skeleton (D:4)
  A howler monkey skeleton (D:6)
  5 gnolls
  4 adders
  2 shadow imps
  A worm (D:3)
  A dart slug (D:3)
  9 orcs
  6 endoplasms
  7 giant cockroaches
  9 goblins
  8 hobgoblins
  4 jackals (D:2)
  6 quokkas
  8 ball pythons
  5 bats
  4 frilled lizards
  18 kobolds
  5 rats
179 creatures vanquished.

Notes
Turn   | Place    | Note
-------+----------+-------------------------------------------
     0 | D:1      | pkoi the Troll Monk began the quest for the Orb.
     0 | D:1      | Reached XP level 1. HP: 22/22 MP: 0/0
    64 | D:1      | Reached XP level 2. HP: 29/29 MP: 1/1
   165 | D:1      | Reached skill level 4 in Unarmed Combat
   282 | D:1      | Reached XP level 3. HP: 34/36 MP: 2/2
   544 | D:1      | Found a faded altar of an unknown god.
   889 | D:2      | Reached skill level 5 in Unarmed Combat
   889 | D:2      | Reached XP level 4. HP: 24/44 MP: 3/3
  1622 | D:3      | Found a shadowy altar of Dithmenos.
  1658 | D:3      | Found a white marble altar of Elyvilon.
  1672 | D:3      | Reached XP level 5. HP: 50/50 MP: 4/4
  1703 | D:3      | Found a blossoming altar of Fedhas.
  1899 | D:3      | Reached skill level 6 in Unarmed Combat
  2493 | D:4      | Reached XP level 6. HP: 57/59 MP: 5/5
  2608 | D:4      | Reached skill level 7 in Unarmed Combat
  2997 | D:5      | Entered Level 5 of the Dungeon
  3105 | D:5      | Reached skill level 8 in Unarmed Combat
  3105 | D:5      | Reached XP level 7. HP: 59/66 MP: 6/6
  3182 | D:5      | Found a shimmering altar of Xom.
  3190 | D:5      | Reached skill level 9 in Unarmed Combat
  3547 | D:6      | Reached XP level 8. HP: 56/74 MP: 7/7
  3576 | D:6      | Reached skill level 10 in Unarmed Combat
  4112 | D:6      | Reached skill level 11 in Unarmed Combat
  4124 | D:6      | Found an ornate altar of the Wu Jian Council.
  4188 | D:6      | Found a stormy altar of Qazlal.
  4260 | D:6      | Found a staircase to the Ecumenical Temple.
  4267 | Temple   | Entered the Ecumenical Temple
  4501 | Temple   | Became a worshipper of Makhleb the Destroyer
  4501 | Temple   | Reached * piety under Makhleb
  4501 | Temple   | Reached ** piety under Makhleb
  4657 | D:7      | Found a flagged portal.
  4696 | Bailey   | Entered a bailey
  4696 | Bailey   | Noticed an orc knight
  4696 | Bailey   | Noticed an orc knight
  4697 | Bailey   | Noticed an orc knight
  4697 | Bailey   | Noticed an orc knight
  4888 | D:7      | Reached skill level 1 in Invocations
  4959 | D:7      | Reached XP level 9. HP: 6/81 MP: 7/9
  5074 | D:7      | Noticed Dowan
  5078 | D:7      | Noticed Duvessa
  5080 | D:7      | Killed Dowan
  5090 | D:7      | Killed Duvessa
  5825 | D:7      | Noticed a centaur warrior
  5834 | D:7      | Killed a centaur warrior
  5969 | D:7      | Found a sacrificial altar of Ru.
  6042 | D:8      | Noticed a boulder beetle
  6252 | D:8      | Reached XP level 10. HP: 82/94 MP: 12/12
  6322 | D:8      | Killed a boulder beetle
  6323 | D:8      | Reached skill level 5 in Fighting
  6323 | D:8      | Reached skill level 5 in Dodging
  6323 | D:8      | Reached skill level 12 in Unarmed Combat
  6746 | D:9      | Found a hide-covered altar of Uskayaw.
  6747 | D:9      | Found a bloodstained altar of Trog.
  6747 | D:9      | Found an iron altar of Okawaru.
  6748 | D:9      | Found an opulent altar of Gozag.
  6768 | D:9      | Reached skill level 1 in Throwing
  6780 | D:9      | Found a broken altar of Ashenzari.
  6943 | D:9      | Reached *** piety under Makhleb
  7283 | D:9      | Found a shimmering blue altar of Sif Muna.
  7400 | D:9      | Reached skill level 5 in Invocations
  7547 | D:9      | Noticed Maurice
  7557 | D:9      | Killed Maurice
  7592 | D:9      | Found a staircase to the Lair.
  7907 | Lair:1   | Entered Level 1 of the Lair of Beasts
  7907 | Lair:1   | Noticed a six-headed hydra
  7916 | Lair:1   | HP: 1/96 [eight-headed hydra (12)]
  7916 | Lair:1   | Slain by an eight-headed hydra

Illustrated notes

Levels and vault maps discovered:
D:1:      wander_arrival_peaceful_grave, layout_rooms,
          hellmonk_ecumenical_altar_heavens_door, serial_forest,
          infiniplex_forest_zigzag_2, infiniplex_forest_lined_corner,
          infiniplex_forest_zigzag_1, infiniplex_forest_clump_double,
          infiniplex_forest_clump_small, infiniplex_forest_fountain,
          infiniplex_forest_end_2, infiniplex_forest_lined_room_3,
          infiniplex_forest_straight_2, infiniplex_forest_clump_long
D:2:      layout_basic, minmay_close_crescents
D:3:      layout_basic, overflow_temple_1_default,
          nicolae_dithmenos_the_darkroom, lemuel_doored_altar
D:4:      layout_basic, chequers_serial_rivers_micro_d, kennysheep_orc_chapel
D:5:      layout_basic, led_xom_imps
D:6:      layout_basic, nicolae_qazlal_scattered_showers, marbit_many_paths,
          temple_green
D:7:      layout_layer_cave, nicolae_ru_path_of_blood, enter_bailey_4,
          minivault_1, minmay_three_doors, uniq_duvessa
D:8:      layout_rooms
D:9:      layout_stronghold, chequers_temple_overflow_statue_of_worship,
          cheibrodos_ashenzari_chains, nicolae_sif_muna_little_library,
          lair_entry_dummy, uniq_maurice
Temple:   compressed_dpeg_triangle_lava_temple
Lair:1:   layout_regular_city, grunt_megastairs_5, minmay_lair_oklob_chamber,
          uniq_maggie

Skill      XL: |  1  2  3  4  5  6  7  8  9 10 |
---------------+-------------------------------+-----
Unarmed Combat | 4 5 6 8 9 11 12 | 12.3
Invocations    | 1 4 5 |  5.2
Fighting       | 3 4 5 |  5.4
Dodging        | 3 4 5 |  5.4
Throwing       | 2 |  2.1
Stealth        | |  1.0

Action                   |  1- 3 |  4- 6 |  7- 9 | 10-12 || total
-------------------------+-------+-------+-------+-------++-------
Melee: Unarmed           |    80 |   116 |   191 |   119 ||   506
       Punch             |       |     1 |    11 |     8 ||    20
Throw: Large rock        |       |       |       |     3 ||     3
Evoke: Wand              |       |       |       |     4 ||     4
  Use: Potion            |       |       |     2 |       ||     2
       Scroll            |       |       |     8 |     5 ||    13
 Stab: Sleeping          |     3 |     2 |     1 |       ||     6
Armor: Robe              |    28 |    24 |    39 |    49 ||   140
Dodge: Dodged            |    33 |    50 |   119 |    69 ||   271

Table legend: (Time is in decaauts)
 A = Elapsed time spent in this place.
 B = Non-inter-level travel time spent in this place.
 C = Inter-level travel time spent in this place.
 D = Time resting spent in this place.
 E = Time spent auto-exploring this place.
 F = Levels seen in this place.
 G = Mean time per level.
                   A        B        C        D        E       F      G
               +--------+--------+--------+--------+--------+-----+--------+
         Total |   7849 |   7380 |    469 |    595 |   5491 |  12 |  654.1 |
       Dungeon |   7586 |   7132 |    454 |    595 |   5264 |   9 |  842.9 |
        Temple |    249 |    234 |     15 |      0 |    227 |   1 |  249.0 |
          Lair |      7 |      7 |      0 |      0 |      0 |   1 |    7.0 |
        Bailey |      4 |      4 |      0 |      0 |      0 |   1 |    4.0 |
               +--------+--------+--------+--------+--------+-----+--------+

Top non-repeatable levels by time:
     D:7: 1545 daAuts
     D:9: 1262 daAuts
     D:2: 880 daAuts
     D:6: 866 daAuts
     D:3: 808 daAuts
     D:1: 708 daAuts
     D:4: 583 daAuts
     D:5: 468 daAuts
     D:8: 463 daAuts
  Temple: 249 daAuts
  Lair:1: 7 daAuts
  Bailey: 4 daAuts
